 Dungeon Crawl Stone Soup version 0.29-a0-330-g52719c12eb (webtiles) character file.

Game seed: 7636099656746999918

56 Anon1729 the Skirmisher (level 3, -5/34 HPs)
             Began as a Minotaur Monk on May 28, 2022.
             Was a Believer of Okawaru.
             Splashed by a jelly's acid (9 damage)
             ... on level 4 of the Dungeon.
             The game lasted 00:01:37 (2125 turns).

Anon1729 the Skirmisher (Minotaur Monk)             Turns: 2125, Time: 00:01:37

Health: -5/34      AC: -3    Str: 17    XL:     3   Next: 69%
Magic:  2/2        EV: 13    Int:  7    God:    Okawaru [**....]
Gold:   174        SH:  0    Dex: 12    Spells: 2/2 levels left

rFire   . . .      SeeInvis +   a - +0 hand axe
rCold   + . .      Faith    .   (no shield)
rNeg    . . .      Spirit   .   n - +1 robe of the Spider Nest {+Inv rPois rC+ Will+}
rPois   +          Reflect  .   (helmet restricted)
rElec   .          Harm     .   (no cloak)
rCorr   .          Rampage  .   (no gloves)
Will    +....                   i - +0 pair of boots
Stlth   +.........              j - amulet of magic regeneration
HPRegen 0.11/turn               e - ring of see invisible
MPRegen 0.48/turn               (no ring)

@: confused, ambrosia-drunk, corroded
A: horns 2, retaliatory headbutt
a: Renounce Religion, Evoke Invisibility, Heroism


You were on level 4 of the Dungeon.
You worshipped Okawaru.
Okawaru was pleased with you.
You visited 1 branch of the dungeon, and saw 3 of its levels.

You collected 174 gold pieces.

Inventory:

Hand Weapons
 a - a +0 hand axe (weapon)
Armour
 b - a +0 robe
 i - a +0 pair of boots (worn)
 n - the +1 robe of the Spider Nest (worn) {+Inv rPois rC+ Will+}
   (You found it on level 4 of the Dungeon)

   rC:        It protects you from cold.
   rPois:     It protects you from poison.
   +Inv:      It lets you turn invisible.
   Will:      It increases your willpower.
Jewellery
 e - a ring of see invisible (left hand)
 j - an amulet of magic regeneration (around neck)
Scrolls
 k - 3 scrolls of identify {unknown}
 l - 2 scrolls of fear {unknown}
 m - a scroll of amnesia {unknown}
 o - a scroll of teleportation {unknown}
 p - a scroll of summoning {unknown}
Potions
 d - 4 potions of curing {unknown}
 f - 4 potions of brilliance {unknown}
 g - a potion of resistance {unknown}
 h - 4 potions of cancellation {unknown}


   Skills:
 + Level 4.3 Fighting
 + Level 4.3 Axes
 + Level 1.7 Armour
 - Level 3.4 Dodging
 - Level 1.8 Stealth


You had 2 spell levels left.
You didn't know any spells.
Your spell library was empty.

Dungeon Overview and Level Annotations

Branches:
Dungeon (2/15)

Altars:
Nemelex Xobeh
Okawaru


Innate Abilities, Weirdness & Mutations

You have a pair of horns on your head.
You reflexively headbutt those who attack you in melee.


Message History

A jelly is nearby!
A jelly is nearby!
A jelly is nearby!
The jelly hits you. The acid corrodes you!
You are splashed with acid.
You hit the jelly.
Your hands burn!
The jelly is moderately wounded.
The jelly hits you.
You are splashed with acid!
The jelly misses you. You furiously retaliate!
You headbutt the jelly.
You are too injured to fight recklessly!
You are too injured to fight recklessly!
You are too injured to fight recklessly!
You are too injured to fight recklessly!
You are too injured to fight recklessly!
You are too injured to fight recklessly!
You are too injured to fight recklessly!
You are too injured to fight recklessly!
You are too injured to fight recklessly!
A jelly is nearby!
You completely miss the jelly.
The jelly is severely wounded.
The jelly hits you.
* * * LOW HITPOINT WARNING * * *
The acid corrodes you!
You are splashed with acid.
* * * LOW HITPOINT WARNING * * *
Okay, then.
You are confused.
You feel invigorated. The jelly misses you.
Found a scroll labelled QEHECO YPOQO.
The jelly barely misses you.
You barely miss the jelly.
The jelly is severely wounded.
The jelly hits you.
You are splashed with acid!
* * * LOW HITPOINT WARNING * * *
You hit the jelly.
Your hands burn!
The jelly is severely wounded.
The jelly hits you.
You are splashed with acid!
* * * LOW HITPOINT WARNING * * *
The jelly attacks as you move away! The jelly hits you.
* * * LOW HITPOINT WARNING * * *
You are splashed with acid!
You die...

# #.?.....# +
#.......# #
#.......# #
#.......# #
#.......# #
#.......# #
#.......# #
#.......# #
#....J@.# #
#.......#
###########.......#
.........##.......#
.........##.......#
..................#
..................#
##.......##...<...#
##.......##.......#


You could see a jelly.

Vanquished Creatures
  2 dart slugs (D:2)
  6 endoplasms
  4 giant cockroaches
  7 goblins
  6 hobgoblins
  4 jackals (D:2)
  A quokka (D:1)
  3 bats
  A frilled lizard (D:1)
  4 kobolds
  6 rats
44 creatures vanquished.

Notes
Turn   | Place    | Note
-------+----------+-------------------------------------------
     0 | D:1      | Anon1729 the Minotaur Monk began the quest for the Orb.
     0 | D:1      | Reached XP level 1. HP: 19/19 MP: 0/0
   314 | D:1      | Reached XP level 2. HP: 27/27 MP: 1/1
  1114 | D:2      | Reached skill level 1 in Armour
  1256 | D:2      | Reached XP level 3. HP: 33/33 MP: 2/2
  1680 | D:2      | You fall into a shaft and drop 2 floors!
  1680 | D:4      | Found an iron altar of Okawaru.
  1714 | D:4      | Became a worshipper of Warmaster Okawaru
  1714 | D:4      | Reached * piety under Okawaru
  1714 | D:4      | Reached ** piety under Okawaru
  1907 | D:4      | Identified the +1 robe of the Spider Nest {+Inv rPois rC+
                  | Will+}
  1943 | D:4      | Found a sparkling altar of Nemelex Xobeh.
  2125 | D:4      | Splashed by a jelly's acid

Illustrated notes

Levels and vault maps discovered:
D:1:      sevenhm_arrival_forest_fort_small_5, layout_basic, st_stairs_1,
          minmay_stone_trees_medium
D:2:      layout_basic
D:4:      layout_gridville, amcnicky_altar_gilded, nemelex_spade_bored_becter

Skill      XL: |  1  2 |
---------------+-------+-----
Fighting       | 4 |  4.3
Axes           | 4 |  4.3
Armour         | 1 |  1.7
Dodging        | |  3.4
Stealth        | |  1.8

Action                   || total
-------------------------++-------
Melee: Hand axe          ||   104
       Headbutt          ||     5
  Use: Potion            ||     1
 Stab: Sleeping          ||     7
Armor: Robe              ||    23
Dodge: Dodged            ||    64

Table legend: (Time is in decaauts)
 A = Elapsed time spent in this place.
 B = Non-inter-level travel time spent in this place.
 C = Inter-level travel time spent in this place.
 D = Time resting spent in this place.
 E = Time spent auto-exploring this place.
 F = Levels seen in this place.
 G = Mean time per level.
                   A        B        C        D        E       F      G
               +--------+--------+--------+--------+--------+-----+--------+
         Total |   2137 |   2121 |     16 |      0 |   1776 |   3 |  712.3 |
       Dungeon |   2137 |   2121 |     16 |      0 |   1776 |   3 |  712.3 |
               +--------+--------+--------+--------+--------+-----+--------+

Top non-repeatable levels by time:
     D:1: 1046 daAuts
     D:2: 644 daAuts
     D:4: 445 daAuts
